 Dungeon Crawl Stone Soup version 0.28-a0-1447-ga5a8893891 (webtiles) character file.

Game seed: 15475153404664513109

674 HallandMoats the Skirmisher (level 7, -7/56 HPs)
             Began as a Demonspawn Fighter on Jan 11, 2022.
             Mangled by an ogre (21 damage)
             ... on level 4 of the Dungeon.
             The game lasted 00:05:44 (3880 turns).

HallandMoats the Skirmisher (Demonspawn Fighter)    Turns: 3880, Time: 00:05:45

Health: -7/56      AC: 10    Str: 18    XL:     7   Next: 33%
Magic:  7/7        EV: 10    Int: 15    God:
Gold:   133        SH:  5    Dex: 15    Spells: 6/6 levels left

rFire   . . .      SeeInvis .   a - +0 war axe
rCold   + . .      Faith    .   c - +0 buckler
rNeg    . . .      Spirit   .   b - +0 scale mail
rPois   .          Reflect  .   (helmet restricted)
rElec   .          Harm     .   (no cloak)
rCorr   .          Rampage  .   (no gloves)
Will    .....                   h - +2 pair of boots
Stlth   +.........              (no amulet)
HPRegen 0.18/turn               m - ring "Ehouroq" {rC+ Int+6}
MPRegen 0.10/turn               (no ring)

@: no status effects
A: antennae 2, thin skeletal structure 1, spiny 1
a: no special abilities


You were on level 4 of the Dungeon.
You visited 1 branch of the dungeon, and saw 6 of its levels.

You collected 133 gold pieces.

Inventory:

Hand Weapons
 a - a +0 war axe (weapon)
Armour
 b - a +0 scale mail (worn)
 c - a +0 buckler (worn)
 h - a +2 pair of boots (worn)
Jewellery
 l - a ring of ice
 m - the ring "Ehouroq" (left hand) {rC+ Int+6}
   (You found it on level 2 of the Dungeon)

   [ring of intelligence]

   Int:       It affects your intelligence (+6).
   rC:        It protects you from cold.
Scrolls
 e - 2 scrolls of enchant armour {unknown}
 f - a scroll of identify {unknown}
 i - a scroll of magic mapping {unknown}
 o - 3 scrolls of teleportation {unknown}
 r - 2 scrolls of fog {unknown}
 u - 2 scrolls of blinking {unknown}
 v - a scroll of enchant weapon {unknown}
 w - a scroll of summoning {unknown}
 y - a scroll of fear {unknown}
Potions
 d - 2 potions of might
 g - 2 potions of flight {unknown}
 j - a potion of brilliance {unknown}
 k - a potion of lignification {unknown}
 n - 2 potions of berserk rage {unknown}
 p - 3 potions of curing {unknown}
 q - 2 potions of heal wounds {unknown}
 s - a potion of magic {unknown}
 t - 2 potions of mutation {unknown}
 x - 2 potions of cancellation {unknown}


   Skills:
 * Level 5.2 Fighting
 * Level 4.2 Axes
 + Level 3.7 Armour
 + Level 2.4 Dodging
 + Level 3.8 Shields


You had 6 spell levels left.
You didn't know any spells.
Your spell library contained the following spells:

 Spells                   Type           Power      Damage    Failure   Level
 Freeze                   Ice            0%         1d3       73%         1
 Dazzling Flash           Conj/Hex       0%         N/A       97%         3
 Frozen Ramparts          Ice            0%         1d2       97%         3
 Hailstorm                Conj/Ice       0%         3d3       100%        4
 Iskenderun's Mystic Bla  Conj/Tloc      0%         2d3       100%        4
 Starburst                Conj/Fire      0%         6d3       100%        6


Dungeon Overview and Level Annotations

Branches:
Dungeon (6/15)             Temple (0/1) D:6

Altars:
Fedhas
Qazlal

Shops:
D:2 (


Innate Abilities, Weirdness & Mutations

You have a pair of antennae on your head.
You have a somewhat thin skeletal structure. (Dex +2, Stealth+)
You are partially covered in sharp spines.


Message History

You barely miss the adder skeleton.
The adder skeleton is heavily damaged.
The adder skeleton is struck by your spines.
The adder skeleton bites you but does no damage.
You block the adder skeleton's attack.
An adder skeleton is nearby!
You slash the adder skeleton!
You destroy the adder skeleton!
Found a stone staircase leading down.
An orc comes into view. It is wielding a +0 flail.
The orc shouts!
An orc is nearby!
A goblin comes into view. It is wielding a +0 club.
The orc throws a stone.
The stone hits you but does no damage.
There are monsters nearby!
An ogre comes into view. It is wielding a +0 giant club.
The goblin shouts!
You block the orc's attack.
There are monsters nearby!
You closely miss the orc. The orc hits you with a +0 flail.
There are monsters nearby!
You slash the orc!
You kill the orc!
There are monsters nearby!
An adder comes into view.
Found a scroll labelled TAFOPS JIABLIPSOU.
The adder hisses angrily.
The ogre hits you with a +0 giant club! The goblin hits you but does no damage.
Items here: $ ( ) [.
You barely miss the ogre. You closely miss the goblin.
You block the ogre's attack. The goblin closely misses you.
You barely miss the ogre. You slash the goblin!
You kill the goblin!
The ogre is struck by your spines.
The ogre hits you with a +0 giant club!!
* * * LOW HITPOINT WARNING * * *
You are too injured to fight recklessly!
You are too injured to fight recklessly!
The ogre hits you with a +0 giant club!!
You die...

####### #..†..# #.###.#
#.###.###
#.##....#######
##########.##...@......#
...........##.#..OS..#.#
)...#.###..##.#..###.#>#
###.#...#.<##.#.#....#.#
#....#.....#.#........#
#..###.#[..#.#..#.#...#
#....).#...#.#....#.#.#
##.######...# #..#.#.#.#
............#....###.#)#


You could see an ogre and an adder.

Vanquished Creatures
  Edmund (D:4)
  A necrophage (D:4)
  2 ogres (D:4)
  2 hounds (D:3)
  A gnoll shaman (D:4)
  Natasha (D:2)
  A howler monkey zombie (D:4)
  Robin (D:2)
  6 gnolls
  3 adders
  2 adder skeletons (D:4)
  2 worms (D:2)
  2 dart slugs
  4 orcs
  3 ball pythons
  5 bats
  6 endoplasms
  2 giant cockroaches (D:2)
  14 goblins
  2 hobgoblins (D:2)
  2 quokkas
  A frilled lizard (D:1)
  4 kobolds
  4 rats
72 creatures vanquished.

Vanquished Creatures (others)
  A plant (D:3)
1 creature vanquished.

Grand Total: 73 creatures vanquished

Notes
Turn   | Place    | Note
-------+----------+-------------------------------------------
     0 | D:1      | HallandMoats the Demonspawn Fighter began the quest for the
                  | Orb.
     0 | D:1      | Reached XP level 1. HP: 18/18 MP: 1/1
   184 | D:1      | Gained mutation: You are partially covered in sharp spines.
                  | [demonic ancestry]
   184 | D:1      | Reached XP level 2. HP: 24/24 MP: 2/2
   233 | D:1      | Found a faded altar of an unknown god.
   626 | D:2      | Gained mutation: You have a pair of small antennae on your
                  | head. [demonic ancestry]
   626 | D:2      | Reached XP level 3. HP: 29/29 MP: 3/3
  1098 | D:2      | Identified the ring "Ehouroq" {rC+ Int+6}
  1162 | D:2      | Noticed Natasha
  1168 | D:2      | Killed Natasha
  1169 | D:2      | Reached skill level 1 in Dodging
  1169 | D:2      | Reached XP level 4. HP: 37/37 MP: 4/4
  1264 | D:2      | Noticed Robin
  1279 | D:2      | Killed Robin
  1487 | D:2      | Found Haufomor's Antique Weapon Shoppe.
  1670 | D:3      | You fall into a shaft and drop 3 floors!
  1670 | D:6      | Noticed a gargoyle
  1670 | D:6      | Found a staircase to the Ecumenical Temple.
  1678 | D:5      | Entered Level 5 of the Dungeon
  1753 | D:4      | Noticed a necrophage
  1756 | D:4      | Reached skill level 4 in Fighting
  1756 | D:4      | Reached XP level 5. HP: 41/42 MP: 5/5
  1860 | D:4      | Killed a necrophage
  1861 | D:4      | Gained mutation: You have a somewhat thin skeletal
                  | structure. (Dex +2, Stealth+) [demonic ancestry]
  1861 | D:4      | Reached XP level 6. HP: 25/49 MP: 6/6
  2298 | D:3      | Found a stormy altar of Qazlal.
  2304 | D:3      | Found a blossoming altar of Fedhas.
  2366 | D:3      | Found a stormy altar of Qazlal.
  3207 | D:4      | Noticed Edmund
  3216 | D:4      | Killed Edmund
  3217 | D:4      | Reached skill level 5 in Fighting
  3217 | D:4      | Gained mutation: You have a pair of antennae on your head.
                  | [demonic ancestry]
  3217 | D:4      | Reached XP level 7. HP: 25/56 MP: 7/7
  3880 | D:4      | Mangled by an ogre

Illustrated notes

Levels and vault maps discovered:
D:1:      mrwooster_arrival_statue, layout_basic,
          shapermc_ecumenical_altar_starsandcircs
D:2:      layout_loops_corners, serial_shops, shop_statue, uniq_robin,
          uniq_natasha
D:3:      layout_loops_ring, grunt_temple_overflow_forces_of_nature,
          kennysheep_flooded_box, cheibrodos_gnoll_hut
D:4:      layout_basic, mainiacjoe_overflow_boulevard, fountainhead, uniq_edmund
D:5:      layout_layer_cave, serial_shops, nicolae_diamond_shop
D:6:      layout_basic, minmay_temple_entry_grid, corner_web_ring

Skill      XL: |  1  2  3  4  5  6 |
---------------+-------------------+-----
Axes           | 2 3 4 |  4.2
Shields        | 3 |  3.8
Armour         | 3 |  3.7
Dodging        | 1 2 |  2.4
Fighting       | 4 5 |  5.2

Action                   |  1- 3 |  4- 6 |  7- 9 || total
-------------------------+-------+-------+-------++-------
Melee: War axe           |    65 |    87 |    18 ||   170
  Use: Potion            |       |     1 |       ||     1
Armor: Scale mail        |    22 |    43 |     3 ||    68
Dodge: Dodged            |    39 |    46 |     9 ||    94
Block: Buckler           |    17 |    25 |     6 ||    48

Table legend: (Time is in decaauts)
 A = Elapsed time spent in this place.
 B = Non-inter-level travel time spent in this place.
 C = Inter-level travel time spent in this place.
 D = Time resting spent in this place.
 E = Time spent auto-exploring this place.
 F = Levels seen in this place.
 G = Mean time per level.
                   A        B        C        D        E       F      G
               +--------+--------+--------+--------+--------+-----+--------+
         Total |   3957 |   3880 |     77 |    235 |   2921 |   6 |  659.5 |
       Dungeon |   3957 |   3880 |     77 |    235 |   2921 |   6 |  659.5 |
               +--------+--------+--------+--------+--------+-----+--------+

Top non-repeatable levels by time:
     D:4: 1337 daAuts
     D:2: 1181 daAuts
     D:3: 889 daAuts
     D:1: 526 daAuts
     D:5: 15 daAuts
     D:6: 7 daAuts
